 Dungeon Crawl Stone Soup version 0.21-a0-525-ga34b322 (webtiles) character file.

1913 lemonriz the Slasher (level 8, -3/73 HPs)
             Began as a Minotaur Fighter on Dec 7, 2017.
             Was a Priest of Okawaru.
             Slain by a large abomination (31 damage)
             ... on level 6 of the Dungeon.
             The game lasted 00:12:54 (6275 turns).

lemonriz the Slasher (Minotaur Fighter)             Turns: 6275, Time: 00:12:55

Health: -3/73      AC: 19    Str: 20    XL:     8   Next: 95%
Magic:  7/9        EV:  9    Int:  5    God:    Okawaru [***...]
Gold:   193        SH: 13    Dex: 13    Spells: 7/7 levels left

rFire    . . .     SeeInvis .   a - +0 long sword
rCold    . . .     Gourm    .   c - +0 shield
rNeg     . . .     Faith    .   x - +0 plate armour
rPois    +         Spirit   .   (helmet restricted)
rElec    .         Reflect  .   (no cloak)
rCorr    .         Harm     .   h - +0 pair of gloves
MR       .....                  j - +1 pair of boots
Stlth    ..........             (no amulet)
HPRegen  0.22/turn              C - ring of poison resistance
MPRegen  0.11/turn              (no ring)

@: heroism
A: retaliatory headbutt, horns 2
a: Heroism, Renounce Religion


You were on level 6 of the Dungeon.
You worshipped Okawaru.
Okawaru was most pleased with you.
You were very hungry.

You visited 1 branch of the dungeon, and saw 6 of its levels.
You visited the Abyss 1 time.
You also visited: Sewer.

You collected 328 gold pieces.
You spent 135 gold pieces at shops.

Inventory:

Hand Weapons
 a - a +0 long sword (weapon)
Armour
 c - a +0 shield (worn)
 h - a +0 pair of gloves (worn)
 j - a +1 pair of boots (worn)
 x - a +0 plate armour (worn)
Jewellery
 C - a ring of poison resistance (left hand)
Wands
 u - a wand of iceblast (4)
 y - a wand of digging (14)
 z - a wand of scattershot (6)
 B - a wand of acid (7)
Scrolls
 k - 2 scrolls of amnesia
 p - 4 scrolls of remove curse
 s - 2 scrolls of magic mapping {unknown}
 t - 3 scrolls of teleportation
 w - a scroll of noise {unknown}
Potions
 d - 2 potions of cancellation
 e - 2 potions of flight {unknown}
 g - a potion of invisibility
 i - 3 potions of heal wounds
 l - 6 potions of curing
 n - 2 potions of might
 o - a potion of mutation {unknown}
 r - a potion of brilliance {unknown}
 v - 2 potions of haste {unknown}
Comestibles
 b - 2 fruits
 f - 6 bread rations
 m - 4 royal jellies
 q - 3 meat rations


   Skills:
 + Level 7.3(12.3) Fighting
 + Level 7.7(12.7) Long Blades
 + Level 7.2(12.2) Armour
 + Level 2.4(7.4) Dodging
 + Level 7.1(12.1) Shields
 - Level 2.8 Invocations


You had 7 spell levels left.
You didn't know any spells.

Dungeon Overview and Level Annotations

Branches:
Dungeon (6/15)
 Temple: D:4-7

Altars:
Ashenzari
Cheibriados
Dithmenos
Gozag
Okawaru
The Shining One

Shops:
D:4 **   D:5 %


Innate Abilities, Weirdness & Mutations

You reflexively headbutt those who attack you in melee.
You have a pair of horns on your head.


Message History

You headbutt the large abomination.
The large abomination is heavily damaged.
You block the large abomination's attack.
You hit the large abomination but do no damage.
The large abomination is heavily damaged.
The large abomination hits you!
You hit the large abomination but do no damage.
Your headbutt misses the large abomination.
The large abomination is heavily damaged.
You slash the large abomination!
The large abomination is severely damaged.
You block the large abomination's attack.
You hit the large abomination but do no damage.
You headbutt the large abomination!
The large abomination is almost destroyed.
You block the large abomination's attack.
You closely miss the large abomination.
The large abomination is almost destroyed.
The large abomination hits you!!
You die...

#############oo.X....#.#
#.........###.#....#
#.........###....###
#....[....#......# #####
#...........##...# #....
#...........###..# #....
#.....o.........># #....
#........######### #....
#........lX@..# #....
#........####'##########...(
####.[..##.............#....
#########.##)##.............#....
..........##.##.............#....
.............)[....##########....
.........###.####### #....
.............# ############....
.........##### #...............


You could see a large abomination, an orc warrior and a leopard gecko.

Vanquished Creatures
  The ghost of Soeti the Chopper, an amateur DsBe of Trog (D:4)
  Menkaure (D:4)
  2 ogres
  A centaur (D:6)
  A big kobold (Sewer)
  3 bullfrogs (D:6)
  A gnoll sergeant (D:4)
  A scorpion (D:5)
  A howler monkey (D:5)
  A crimson imp (D:5)
  4 orc wizards
  An orc priest (D:6)
  2 hounds (D:4)
  3 jellies
  Ijyb (D:4)
  4 iguanas
  4 worker ants
  13 gnolls
  12 adders
  4 river rats (Sewer)
  A shadow imp (D:6)
  8 worms
  2 dart slugs
  2 leopard geckos
  22 orcs
  9 giant cockroaches
  12 goblins
  20 hobgoblins
  4 jackals
  21 kobolds
  8 bats
  4 frilled lizards
  A leopard gecko skeleton (D:2)
  A quokka skeleton (D:4)
  5 rats
181 creatures vanquished.

Notes
Turn   | Place    | Note
-------+----------+-------------------------------------------
     0 | D:1      | lemonriz the Minotaur Fighter began the quest for the Orb.
     0 | D:1      | Reached XP level 1. HP: 19/19 MP: 0/0
   181 | D:1      | Reached XP level 2. HP: 27/27 MP: 1/1
   619 | D:2      | Reached XP level 3. HP: 33/33 MP: 2/2
   922 | D:2      | Found an iron altar of Okawaru.
   925 | D:2      | Reached XP level 4. HP: 30/40 MP: 3/3
   933 | D:2      | Became a worshipper of Warmaster Okawaru
  1546 | D:3      | Found a shadowy altar of Dithmenos.
  1601 | D:3      | Found an opulent altar of Gozag.
  2068 | D:4      | Noticed Ijyb
  2086 | D:4      | Killed Ijyb
  2086 | D:4      | Reached XP level 5. HP: 46/47 MP: 4/4
  2192 | D:4      | Reached * piety under Okawaru
  2192 | D:4      | Reached skill level 5 in Long Blades
  2192 | D:4      | Reached XP level 6. HP: 45/55 MP: 5/5
  2419 | D:4      | Reached skill level 5 in Armour
  2450 | D:4      | Noticed Soeti's ghost (amateur DsBe)
  2456 | D:4      | Reached skill level 5 in Fighting
  2456 | D:4      | Reached skill level 5 in Shields
  2471 | D:4      | Killed Soeti's ghost
  2505 | D:4      | Found a glowing drain.
  2537 | Sewer    | Entered a sewer
  2917 | Sewer    | Reached XP level 7. HP: 61/61 MP: 6/6
  2967 | Sewer    | Found a white marble altar of Elyvilon.
  3100 | D:4      | Found Jeruruf's General Store.
  3109 | D:4      | Noticed Menkaure
  3132 | D:4      | Killed Menkaure
  3132 | D:4      | Reached ** piety under Okawaru
  3132 | D:4      | Reached skill level 1 in Invocations
  4073 | D:4      | Found Jootof's Assorted Antiques.
  4076 | D:4      | Bought 3 potions of curing for 135 gold pieces
  4283 | D:5      | Entered Level 5 of the Dungeon
  4295 | D:5      | Found Vealax's Food Boutique.
  4369 | D:5      | Reached XP level 8. HP: 57/70 MP: 8/8
  5320 | D:5      | Found a glowing golden altar of the Shining One.
  5597 | D:6      | Reached skill level 1 in Dodging
  5630 | D:6      | Found a shattered altar of Ashenzari.
  5632 | D:6      | Found a snail-covered altar of Cheibriados.
  5845 | D:6      | Cast into level 1 of the Abyss (orc warrior)
  5937 | Abyss:1  | Noticed a large abomination
  5940 | D:6      | Escaped the Abyss
  6010 | D:6      | Reached *** piety under Okawaru
  6275 | D:6      | Slain by a large abomination

Vault maps used:
D:1:      elethiomel_arrival_shortcut, minmay_tromino_v4_c
D:2:      okawaru_altar_gauntlet_db, first_bread
D:3:      nicolae_gozag_seed_capital, nicolae_overflow_hidden_temple
D:4:      corexii_shantytown, lightli_sewer_entry_pipes, serial_shops,
          nicolae_shop_behind_doors, shop, uniq_menkaure, uniq_ijyb
D:5:      serial_shops, shop, tso_metal_star
D:6:      overflow_temple_1_default, basic_altar, minivault_25
Sewer:    sewer_kobolds

Skill      XL: |  1  2  3  4  5  6  7  8 |
---------------+-------------------------+-----
Long Blades    | 3 4 5 6 7 |  7.7
Fighting       | 4 5 6 7 |  7.3
Armour         | 4 5 6 7 |  7.2
Shields        | 4 5 6 7 |  7.1
Invocations    | 2 |  2.8
Dodging        | 2 |  2.4

Action                   |  1- 3 |  4- 6 |  7- 9 || total
-------------------------+-------+-------+-------++-------
Melee: Long sword        |    95 |   222 |   315 ||   632
       Headbutt          |    10 |    37 |    69 ||   116
Invok: Heroism           |       |     2 |     1 ||     3
  Use: Scroll            |       |     8 |     5 ||    13
       Potion            |       |     1 |       ||     1
  Eat: Chunk             |       |     7 |    10 ||    17
Armor: Scale mail        |    48 |     8 |       ||    56
       Plate armour      |       |   107 |   143 ||   250
Dodge: Dodged            |    32 |    34 |    49 ||   115
Block: Shield            |    61 |   117 |   189 ||   367
       Rpst.: Long sword |     6 |     3 |    17 ||    26

Table legend:
 A = Spawn XP
 B = Non-spawn XP
 C = Spawn XP percentage of total XP
 D = Spawn monster count
 E = Non-spawn monster count
 F = Spawn count percentage of total count
 G = Total turns spent on level
                    A         B        C        D         E        F      G
               +---------+---------+-------+---------+---------+-------+---------
         Total |       0 |    2734 |   0.0 |       0 |     181 |   0.0 |  6275
               +---------+---------+-------+---------+---------+-------+---------
           D:1 |       0 |      37 |   0.0 |       0 |      21 |   0.0 |   589
           D:2 |       0 |      77 |   0.0 |       0 |      24 |   0.0 |   761
           D:3 |       0 |      33 |   0.0 |       0 |      14 |   0.0 |   653
           D:4 |       0 |    1159 |   0.0 |       0 |      72 |   0.0 |  2076
           D:5 |       0 |     457 |   0.0 |       0 |      12 |   0.0 |   931
           D:6 |       0 |     803 |   0.0 |       0 |      25 |   0.0 |   696
         Sewer |       0 |     168 |   0.0 |       0 |      13 |   0.0 |   474
               +---------+---------+-------+---------+---------+-------+---------
